AoeStats
← ScottPuppy

Golden Pit

510225521Analyzed
1v1 RM · 1d ago on Sep 30, 2026· 37m 38s· 2 players
Game mode
Random Map
Map size
Tiny (2 player)
Population
200
Speed
Normal
Resources
Standard
Victory
Conquest
Starting age
Dark Age
Ending age
Imperial Age
RankedLock teamsTeams togetherTeam positionsShared explorationLock speedFull tech treeHidden civsTurbo modeCheats
Victory
Defeat
🇧🇷 Lithuanians · Brazil
838
+16
🇺🇸 Goths · United States
835
-16
ScottPuppy
5:09 Loom
11:05 Feudal Age
11:51 Double-Bit Axe
12:52 Horse Collar
23:11 Castle Age
24:02 Forging
23:17 Pikeman
24:06 Squires
23:28 Pikeman
31:20 Iron Casting
30:10 Man-at-Arms
32:35 Stone Mining
Cara do Tapinha
6:35 Loom
9:05 Feudal Age
17:29 Scale Barding Armor
18:37 Bloodlines
19:22 Forging
23:50 Castle Age
23:27 Horse Collar
24:49 Husbandry
27:30 Double-Bit Axe
28:11 Chain Barding Armor
37:36 Iron Casting
Connection lost

Rejoining the realm…

Still unreachable

The connection could not be restored.

Session expired

The server has moved on; the page needs a fresh start.